 Dungeon Crawl Stone Soup version 0.27-a0-1442-g87b6fcb595 (webtiles) character file.

Game seed: 14074720705577206545

92 avis the Ruffian (level 4, -4/36 HPs)
             Began as a Demigod Transmuter on July 5, 2021.
             Slain by Robin (8 damage)
             ... on level 2 of the Dungeon.
             The game lasted 00:10:12 (1963 turns).

avis the Ruffian (Demigod Transmuter)               Turns: 1963, Time: 00:10:13

Health: -4/36      AC:  2    Str: 15    XL:     4   Next: 13%
Magic:  9/9        EV: 12    Int: 15    God:
Gold:   75         SH:  0    Dex: 14    Spells: 2/6 levels left

rFire    . . .     SeeInvis .   h - +0 demon trident
rCold    . . .     Faith    .   (no shield)
rNeg     . . .     Spirit   .   a - +0 robe
rPois    .         Reflect  .   (helmet currently unavailable)
rElec    .         Harm     .   (no cloak)
rCorr    .         Rampage  .   (no gloves)
Will     .....                  (boots currently unavailable)
Stlth    +.........             (no amulet)
HPRegen  0.12/turn              (no ring)
MPRegen  0.11/turn              (no ring)

@: appendages (expiring)
A: horns 2, talons 2, high mp 1, forlorn
a: End Transformation


You were on level 2 of the Dungeon.
You had temporarily grown beastly horns and talons.
You visited 1 branch of the dungeon, and saw 2 of its levels.

You collected 75 gold pieces.

Inventory:

Hand Weapons
 h - a +0 demon trident (weapon)
Missiles
 f - 51 stones
 i - 17 sling bullets
 j - 22 arrows
Armour
 a - a +0 robe (worn)
Scrolls
 c - a scroll of amnesia {unknown}
 e - 2 scrolls of identify {unknown}
 g - a scroll of immolation {unknown}
Potions
 b - a potion of brilliance {unknown}
 d - a potion of might {unknown}


   Skills:
 - Level 2.0 Fighting
 - Level 1.7 Dodging
 * Level 4.0 Unarmed Combat
 - Level 1.7 Spellcasting
 - Level 2.0 Transmutations
 - Level 1.0 Poison Magic


You had 2 spell levels left.
You knew the following spells:

 Your Spells              Type           Power      Damage    Failure   Level
a - Beastly Appendage     Tmut           14%        N/A       10%         1
p - Spider Form           Tmut/Pois      2%         N/A       36%         3

Your spell library contained the following spells:

 Spells                   Type           Power      Damage    Failure   Level
 Wereblood                Tmut           7%         N/A       16%         2
 Static Discharge         Conj/Air       1%         N/A       34%         2
 Ice Form                 Ice/Tmut       4%         N/A       83%         4
 Dispel Undead            Necr           1%         3d6       92%         4
 Sticky Flame             Conj/Fire      1%         2d3       92%         4


Dungeon Overview and Level Annotations

Branches:
Dungeon (2/15)

Annotations:
D:2 Robin


Innate Abilities, Weirdness & Mutations

You have temporarily grown beastly horns and talons.
Your attributes grow dramatically as you level up.
You have an increased reservoir of magic. (+10% MP)
You shall have no god before yourself.


Message History

The hobgoblin closely misses you. The hobgoblin misses you.
You hit the hobgoblin.
You kill the hobgoblin!
Robin roars a battlecry!
The goblins go into a battle-frenzy!
You hit the hobgoblin.
You kill the hobgoblin!
Robin throws the goblin at you! The goblin barely misses you.
The goblin hits you with a +0 dagger.
You barely miss the goblin. Your kick misses the goblin.
A hobgoblin comes into view.
Robin roars a battlecry!
The hobgoblin goes into a battle-frenzy!
The goblin hits you with a +0 dagger. x2
You completely miss the goblin. You claw the goblin, but do no damage.
Your transformation is almost over.
The goblin hits you with a +0 dagger. x2
* * * LOW HITPOINT WARNING * * *
The goblin closely misses you.
Press: ? - help, v - describe, . - travel, g - get item
Here: a goblin, wielding a +0 dagger (strong) Item here: a hobgoblin corpse.
The floor.
You closely miss the goblin. You claw the goblin.
You kill the goblin!
The goblin hits you but does no damage. Robin throws the goblin at you!
* * * LOW HITPOINT WARNING * * *
A hobgoblin comes into view.
You hit the goblin.
The goblin is moderately wounded.
The goblin closely misses you.
A goblin comes into view. It is wielding a +0 club.
The goblin hits you with a +0 dagger.
* * * LOW HITPOINT WARNING * * *
You hit the goblin.
You kill the goblin!
Robin hits you with a +0 mace.
* * * LOW HITPOINT WARNING * * *
Robin hits you with a +0 mace!
You die...

##.## ##...## ###
##.....## #+.#
##.......# ..#
#......... ..# #.#
#.......#
.....####.#######.....##
#.g.ggg@).......##......
#.##.####.#####.###..###
#.#####.####.#
.............#
##.#####......# #.#
######## ..# ###


You could see Robin, 2 hobgoblins and a goblin.

Vanquished Creatures
  Jessica (D:2)
  2 adders (D:2)
  A dart slug (D:1)
  2 endoplasms (D:1)
  4 giant cockroaches (D:1)
  4 goblins (D:2)
  8 hobgoblins
  3 jackals (D:1)
  4 kobolds
  A quokka (D:1)
  2 ball pythons (D:1)
  3 bats
  4 frilled lizards
  4 rats
43 creatures vanquished.

Notes
Turn   | Place    | Note
-------+----------+-------------------------------------------
     0 | D:1      | avis the Demigod Transmuter began the quest for the Orb.
     0 | D:1      | Reached XP level 1. HP: 15/15 MP: 5/5
   232 | D:1      | Reached skill level 3 in Unarmed Combat
   458 | D:1      | Reached XP level 2. HP: 7/22 MP: 5/7
  1295 | D:1      | Reached XP level 3. HP: 24/27 MP: 6/8
  1531 | D:1      | Learned a level 3 spell: Spider Form
  1610 | D:2      | Reached skill level 4 in Unarmed Combat
  1675 | D:2      | Reached skill level 1 in Poison Magic
  1677 | D:2      | Reached skill level 1 in Fighting
  1791 | D:2      | Noticed Jessica
  1793 | D:2      | Killed Jessica
  1794 | D:2      | Reached XP level 4. HP: 36/36 MP: 7/9
  1954 | D:2      | Noticed Robin
  1963 | D:2      | Slain by Robin

Illustrated notes

Levels and vault maps discovered:
D:1:      saegor_arrival_simple_b, layout_loops_ring,
          shapermc_ecumenical_altar_venn
D:2:      layout_loops_ring, kennysheep_pointless_box, uniq_jessica, uniq_robin

Skill      XL: |  1  2  3  4 |
---------------+-------------+-----
Unarmed Combat | 3 4 |  4.0
Transmutations | 2 |  2.0
Poison Magic   | 1 |  1.0
Fighting       | 1 2 |  2.0
Dodging        | |  1.7
Spellcasting   | |  1.7

Action                   |  1- 3 |  4- 6 || total
-------------------------+-------+-------++-------
Melee: Unarmed           |    93 |       ||    93
       Kick              |    21 |     2 ||    23
       Headbutt          |    12 |       ||    12
       Punch             |     2 |       ||     2
       Demon trident     |     1 |    12 ||    13
 Cast: Beastly Appendage |    30 |     4 ||    34
 Stab: Sleeping          |     2 |       ||     2
Armor: Robe              |    12 |     2 ||    14
Dodge: Dodged            |    47 |     7 ||    54

Table legend: (Time is in decaauts)
 A = Elapsed time spent in this place.
 B = Non-inter-level travel time spent in this place.
 C = Inter-level travel time spent in this place.
 D = Time resting spent in this place.
 E = Time spent auto-exploring this place.
 F = Levels seen in this place.
 G = Mean time per level.
                   A        B        C        D        E       F      G
               +--------+--------+--------+--------+--------+-----+--------+
         Total |   1961 |   1899 |     62 |    757 |    788 |   2 |  980.5 |
       Dungeon |   1961 |   1899 |     62 |    757 |    788 |   2 |  980.5 |
               +--------+--------+--------+--------+--------+-----+--------+

Top non-repeatable levels by time:
     D:1: 1596 daAuts
     D:2: 364 daAuts
